 Dungeon Crawl Stone Soup version 0.14.1-19-g9964f44 (webtiles) character file.

7296 Kae the Bludgeoner (level 10, 0/77 HPs)
             Began as a Minotaur Fighter on June 5, 2014.
             Was a Believer of Okawaru.
             Shot with an arrow of frost by a centaur (1 damage)
             ... on Level 10 of the Dungeon.
             The game lasted 00:12:43 (9898 turns).

Kae the Bludgeoner (Minotaur Fighter)               Turns: 9898, Time: 00:12:43

HP   0/77        AC  9     Str 22      XL: 10   Next: 73%
MP   4/4         EV  9     Int  7      God: Okawaru [**....]
Gold 636         SH  0     Dex 10      Spells:  0 memorised,  9 levels left

rFire  . . .     SeeInvis .     y - +1,+0 dire flail
rCold  . . .     Clarity  .     b - +0 scale mail
rNeg   + . .     Conserve .     (no shield)
rPois  .         rCorr    .     (helmet restricted)
rElec  .         rRot     .     P - +0 cloak
SustAb . .       Spirit   .     C - +0 pair of gloves
rMut   .         Warding  +     G - -1 pair of boots
Saprov . . .     Stasis   .     r - cursed amulet of warding
MR     .....                    t - +5,+5 ring of slaying
                                (no ring)

@: lethally poisoned, slowed, very slow, not resistant to hostile enchantments,
extremely unstealthy
A: retaliatory headbutt, horns 2
a: Heroism, Renounce Religion


You were on level 10 of the Dungeon.
You worshipped Okawaru.
Okawaru was pleased with you.
You were not hungry.

You visited 2 branches of the dungeon, and saw 11 of its levels.

You collected 636 gold pieces.

Inventory:

Hand weapons
 a - a +0,-3 flail
 y - a +1,+0 dire flail (weapon)
Missiles
 V - 2 tomahawks (quivered)
Armour
 b - a +0 scale mail (worn)
 c - a +0 shield
 C - a +0 pair of gloves (worn)
 G - a -1 pair of boots (worn)
 P - a +0 cloak (worn)
Magical devices
 e - a wand of random effects (9)
 p - a wand of confusion (15)
 s - a wand of draining (3)
 v - a wand of frost (12)
 w - a wand of teleportation (2)
 B - a wand of magic darts (16) {unknown}
 K - a wand of draining (4)
 L - a wand of teleportation (4)
 Q - a wand of digging (3) {unknown}
Comestibles
 d - 8 bread rations
 h - 6 meat rations
 E - an apricot
 F - an apple
 J - 2 beef jerkies
 M - 9 cheeses
 S - a choko
 T - 18 sultanas
 U - a rotting chunk of orc flesh
 X - a chunk of orc flesh
Scrolls
 j - a scroll of blinking
 k - 6 scrolls of identify
 m - a scroll of magic mapping
 q - a scroll of fog
 u - 6 scrolls of remove curse
 x - 5 scrolls of teleportation
 A - 2 scrolls of enchant armour {unknown}
 D - a scroll of enchant weapon I
 H - a scroll of fear {unknown}
 W - a scroll of random uselessness {unknown}
Jewellery
 i - a cursed ring of ice
 r - a cursed amulet of warding (around neck)
 t - a +5,+5 ring of slaying (right hand)
 N - an uncursed amulet of faith {unknown}
Potions
 f - a potion of degeneration {unknown}
 g - 2 potions of flight {unknown}
 l - a potion of cure mutation
 n - 8 potions of curing
 o - a potion of restore abilities
 z - 3 potions of brilliance
 I - a potion of heal wounds {unknown}
 O - a potion of poison {unknown}
 R - a potion of berserk rage {unknown}


   Skills:
 - Level 3.6 Fighting
 + Level 18.0 Maces & Flails
 - Level 3.6 Armour
   Level 3.6 Shields


You had 9 spell levels left.
You didn't know any spells.

Dungeon Overview and Level Annotations

Branches:
Dungeon (10/15)            Temple (1/1) D:6
    Orc: D:9-12        Lair: D:8-11

Altars:
Ashenzari
Cheibriados
Dithmenos
Elyvilon
Fedhas
Kikubaaqudgha
Makhleb
Nemelex Xobeh
Okawaru
Sif Muna
Trog
Vehumet
Xom
Yredelemnul
Zin
The Shining One

Portals:
Trove: D:10 (give 16 potions of curing)


Innate Abilities, Weirdness & Mutations

You reflexively headbutt those who attack you in melee.
You have a pair of horns on your head.


Message History

You feel sick.
You continue butchering the corpse.
You finish butchering the orc corpse.
X - 2 chunks of orc flesh You see here an orc skeleton.
You feel sick.
You start resting.
Eating one of 2 chunks of orc flesh.
This raw flesh tastes terrible.
A centaur comes into view.
You continue eating.
You feel sick.
The centaur shouts!
The centaur wields a glowing bow.
It is covered in frost.
The centaur shoots an arrow of frost.
The arrow of frost hits you!
* * * LOW HITPOINT WARNING * * *
The centaur shoots an arrow of frost.
The arrow of frost hits you!
* * * LOW HITPOINT WARNING * * *
You continue eating.
The centaur shoots an arrow of frost.
The arrow of frost hits you!
You die...

# .....# ......# # ###.##
#.##### ##+## #.#...#
##...## ...#.# ##.....##
#...# ##.......##
#######..)####.........##
c......(@....'.........+.
#.###.....####.........##
#.##..# ##.......## #
##.# ##.....## #.#
##...## ..# ##'## ### #.#
###.#####
#########.......#


You could see a centaur.

Vanquished Creatures
  Joseph (D:7)
  A troll (D:9)
  Prince Ribbit (D:9)
  A yak (D:8)
  A deep elf mage (D:10)
  A hungry ghost (D:10)
  A hill giant zombie (D:10)
  A hog (D:8)
  Eustachio (D:5)
  A hill giant skeleton (D:10)
  A hippogriff (D:7)
  A human (D:8)
  Edmund (D:5)
  Menkaure (D:6)
  2 ice beasts
  A phantom (D:4)
  A yellow wasp (D:7)
  A water moccasin (D:10)
  2 black bears
  2 orc warriors
  3 sky beasts
  9 centaurs
  Sigmund (D:4)
  A big kobold (D:10)
  2 ogres
  7 giant frogs
  Blork the orc (D:4)
  A yak zombie (D:9)
  2 scorpions
  3 crimson imps
  10 wights
  3 goliath beetles
  2 orc priests (D:10)
  3 hounds
  2 jellies
  An elf skeleton (D:8)
  A black bear skeleton (D:7)
  4 orc wizards
  4 worker ants
  An iguana (D:7)
  2 sheep (D:8)
  An ogre zombie (D:6)
  A mummy (D:8)
  14 adders
  4 gnolls (D:3)
  2 shadow imps
  A giant mite (D:3)
  4 worms
  An adder zombie (D:5)
  An iguana zombie (D:5)
  An iguana skeleton (D:6)
  A giant eyeball (D:10)
  6 giant geckos
  23 orcs
  4 ball pythons
  A giant cockroach (D:3)
  18 hobgoblins
  6 jackals
  An ooze (D:2)
  5 bats
  5 giant newts
  A giant spore (D:9)
  6 goblins
  16 kobolds
  An orc skeleton (D:6)
  An orc zombie (D:9)
  4 quokkas
  14 rats
  A ballistomycete (D:9)
230 creatures vanquished.

Notes
Turn   | Place    | Note
--------------------------------------------------------------
     0 | D:1      | Kae, the Minotaur Fighter, began the quest for the Orb.
     0 | D:1      | Reached XP level 1. HP: 19/19 MP: 1/1
   649 | D:2      | Reached XP level 2. HP: 26/26 MP: 1/1
   894 | D:2      | Reached skill level 4 in Maces & Flails
   896 | D:2      | Reached XP level 3. HP: 26/31 MP: 2/2
  1074 | D:2      | Found a glowing golden altar of the Shining One.
  1380 | D:2      | Reached skill level 5 in Maces & Flails
  1531 | D:3      | Reached XP level 4. HP: 36/39 MP: 2/2
  1546 | D:3      | Found a snail-covered altar of Cheibriados.
  1570 | D:3      | Reached skill level 6 in Maces & Flails
  2011 | D:3      | Reached XP level 5. HP: 38/45 MP: 2/2
  2350 | D:4      | Noticed a phantom
  2380 | D:4      | Killed a phantom
  2380 | D:4      | Reached skill level 7 in Maces & Flails
  2380 | D:4      | Reached XP level 6. HP: 35/51 MP: 3/3
  2693 | D:4      | Reached skill level 8 in Maces & Flails
  2896 | D:4      | Noticed Sigmund
  2905 | D:4      | Killed Sigmund
  3132 | D:4      | Noticed Blork the orc
  3143 | D:4      | Killed Blork the orc
  3143 | D:4      | Reached skill level 9 in Maces & Flails
  3773 | D:5      | Entered Level 5 of the Dungeon
  3827 | D:5      | Reached XP level 7. HP: 57/57 MP: 3/3
  3838 | D:5      | Found a shattered altar of Ashenzari.
  3875 | D:5      | Noticed Eustachio
  3888 | D:5      | Killed Eustachio
  3888 | D:5      | Reached skill level 10 in Maces & Flails
  3936 | D:5      | Noticed Edmund
  3947 | D:5      | Killed Edmund
  4474 | D:5      | Reached skill level 11 in Maces & Flails
  4494 | D:5      | Reached XP level 8. HP: 64/64 MP: 3/3
  4920 | D:6      | Reached skill level 12 in Maces & Flails
  5030 | D:6      | Noticed Menkaure
  5137 | D:6      | Found a staircase to the Ecumenical Temple.
  5143 | Temple   | Entered the Ecumenical Temple
  5324 | D:6      | Killed Menkaure
  5324 | D:6      | Reached skill level 13 in Maces & Flails
  5839 | D:7      | Reached XP level 9. HP: 64/70 MP: 4/4
  5898 | D:7      | Found an iron altar of Okawaru.
  5898 | D:7      | Noticed Joseph
  5914 | D:7      | Killed Joseph
  5914 | D:7      | Reached skill level 14 in Maces & Flails
  6025 | D:7      | Became a worshipper of Warmaster Okawaru
  6135 | D:7      | Found a glowing golden altar of the Shining One.
  6136 | D:7      | Noticed an angel
  6149 | D:7      | Found a basalt altar of Yredelemnul.
  6150 | D:7      | Noticed a profane servitor
  6211 | D:7      | Found a basalt altar of Yredelemnul.
  6614 | D:8      | Found a sparkling altar of Nemelex Xobeh.
  6657 | D:8      | Reached skill level 15 in Maces & Flails
  7231 | D:8      | Acquired Okawaru's first power
  7337 | D:8      | Reached skill level 16 in Maces & Flails
  7341 | D:8      | Reached XP level 10. HP: 58/77 MP: 4/4
  8480 | D:9      | Reached skill level 17 in Maces & Flails
  8758 | D:9      | Noticed Prince Ribbit
  8780 | D:9      | Killed Prince Ribbit
  8893 | D:10     | Entered Level 10 of the Dungeon
  9429 | D:10     | Found a portal to a secret trove of treasure.
  9792 | D:10     | Paralysed by a giant eyeball for 4 turns
  9887 | D:10     | Reached skill level 18 in Maces & Flails
  9897 | D:10     | HP: 1/77 [centaur/arrow of frost (11)]
  9898 | D:10     | Shot with an arrow of frost by a centaur

Action                   |  1- 3 |  4- 6 |  7- 9 | 10-12 || total
-------------------------+-------+-------+-------+-------++-------
Melee: Flail             |    93 |   122 |     2 |     5 ||   222
       Dire flail        |       |     4 |   225 |   161 ||   390
Invok: Heroism           |       |       |       |     2 ||     2
Evoke: Wand              |       |     2 |     2 |     1 ||     5
  Use: Scroll            |       |    14 |     2 |       ||    16
       Potion            |       |     3 |     1 |     1 ||     5
